 Dungeon Crawl Stone Soup version 0.14-a0-181-gf6fe0c6 (webtiles) character file.

213 Malachi the Chiller (level 4, 0/36 HPs)
             Began as a Naga Ice Elementalist on Oct 6, 2013.
             Slain by a hobgoblin (1 damage)
             ... on Level 4 of the Dungeon.
             The game lasted 00:06:05 (3184 turns).

Malachi the Chiller (Naga Ice Elementalist)         Turns: 3184, Time: 00:06:05

HP   0/36        AC  2     Str 10      XL: 4   Next: 79%
MP   4/7         EV 10     Int 16      God:
Gold 110         SH  0     Dex 12      Spells:  1 memorised,  5 levels left

Res.Fire  : . . .   See Invis. : +   w - +0 great sword
Res.Cold  : . . .   Warding    : +   a - +0 robe
Life Prot.: + . .   Conserve   : .   (no shield)
Res.Poison: +       Res.Corr.  : .   (no helmet)
Res.Elec. : .       Clarity    : .   (no cloak)
Sust.Abil.: . .     Spirit.Shd : .   (no gloves)
Res.Mut.  : .       Stasis     : .   (no barding)
Res.Rott. : .       Flight     : .   h - amulet of warding
Saprovore : . . .                    (no ring)
                                     (no ring)

@: short of breath, very slow, slightly resistant to hostile enchantments,
stealthy
A: spit poison, see invisible, deformed body, poison resistance, slowness 2, AC
+1
a: Spit Poison


You were on level 4 of the Dungeon.
You were very hungry.

You visited 1 branch of the dungeon, and saw 4 of its levels.

You collected 90 gold pieces.

Inventory:

Hand weapons
 w - a +0,+0 great sword (weapon)
Armour
 a - a +0 robe (worn)
Comestibles
 c - 4 bread rations
 r - a meat ration
 s - a choko
 v - a beef jerky
Scrolls
 i - a scroll of identify
 j - 3 scrolls of remove curse
 k - a scroll of blinking
 m - a scroll of noise {unknown}
 o - a scroll of fear
 p - 3 scrolls of amnesia {unknown}
 q - 2 scrolls of teleportation
 t - a scroll of recharging {unknown}
 u - a scroll of enchant weapon I {unknown}
Jewellery
 g - an uncursed ring of see invisible
 h - an amulet of warding (around neck)
Potions
 d - a potion of restore abilities {unknown}
 e - 3 potions of curing {unknown}
 f - a potion of might {unknown}
 l - a potion of invisibility {unknown}
 n - a potion of magic {unknown}
 x - a potion of berserk rage {unknown}
Books
 b - a book of Frost

   Spells                             Type                      Level
   *Freeze                            Ice                          1
   Throw Frost                        Conjuration/Ice              2
   Ozocubu's Armour                   Charms/Ice                   3
   Throw Icicle                       Conjuration/Ice              4
   Summon Ice Beast                   Ice/Summoning                4
   Condensation Shield                Ice                          4


   Skills:
 + Level 2.0 Dodging
 + Level 3.2 Stealth
 + Level 1.9 Spellcasting
   Level 1.0 Conjurations
 * Level 4.6 Ice Magic


You had 5 spell levels left.
You knew the following spells:

 Your Spells              Type           Power        Failure   Level  Hunger
a - Freeze                Ice            ###.         3%          1    #......


Dungeon Overview and Level Annotations

Branches:
Dungeon (4/27)
 Temple: D:4-7

Altars:
Nemelex Xobeh


Innate Abilities, Weirdness & Mutations

You cannot wear boots.
You can spit poison.
Your serpentine skin is tough (AC +1).
You have supernaturally acute eyesight.
Armour fits poorly on your strangely shaped body.
Your system is resistant to poisons.
You cover ground very slowly.


Message History

The hound bites you.
* * * LOW HITPOINT WARNING * * *
The hobgoblin misses you.
Casting: Freeze
Confirm with . or Enter, or press ? or * to list all spells.
Aiming: Freeze
Press: ? - help, Shift-Dir - straight line, f/p - hound
Aim: a hound (heavily wounded)
You freeze the hound.
The hound is severely wounded.
The hound misses you. The hobgoblin closely misses you.
Use which ability? (? or * to list)
Press: ? - help, Shift-Dir - straight line, f/p - hound
Aim: a hound (severely wounded)
The splash of poison hits the hound.
The hound is almost dead.
You feel slightly more hungry. The hound bites you.
* * * LOW HITPOINT WARNING * * *
The hobgoblin hits you.
You die...

##################
...................
.........>..........
...........<........
.......g.............
.......h@...........
####################


You could see a hound and a hobgoblin.

Vanquished Creatures
  A worker ant (D:4)
  3 adders
  2 giant geckos
  An ooze (D:2)
  4 giant cockroaches
  10 hobgoblins
  6 bats
  5 giant newts
  7 goblins
  5 kobolds
  8 rats
52 creatures vanquished.

Notes
Turn   | Place    | Note
--------------------------------------------------------------
     0 | D:1      | Malachi, the Naga Ice Elementalist, began the quest for the Orb.
     0 | D:1      | Reached XP level 1. HP: 15/15 MP: 3/3
   367 | D:1      | Reached XP level 2. HP: 13/22 MP: 0/4
  1322 | D:2      | Found a sparkling altar of Nemelex Xobeh.
  1376 | D:2      | Reached XP level 3. HP: 25/28 MP: 0/6
  1515 | D:2      | Reached skill level 4 in Ice Magic
  2354 | D:3      | Reached XP level 4. HP: 34/36 MP: 2/7
  3184 | D:4      | HP: 1/36 [hound (1)]
  3184 | D:4      | Slain by a hobgoblin

Action                   |  1- 3 |  4- 6 || total
-------------------------+-------+-------++-------
Melee: Unarmed           |    33 |       ||    33
       Great sword       |       |    12 ||    12
 Cast: Freeze            |    75 |    11 ||    86
 Abil: Spit Poison       |     3 |     1 ||     4
  Use: Scroll            |     8 |       ||     8
 Stab: Sleeping          |     2 |       ||     2
